 Dungeon Crawl Stone Soup version 0.23-a0-183-gf37f6fb (webtiles) character file.

133 Felrender the Covered (level 4, -6/41 HPs)
             Began as a Minotaur Fighter on Sept 22, 2018.
             Was a Follower of Wu Jian.
             Mangled by a gnoll
             ... wielding a +0 spear
              (7 damage)
             ... on level 4 of the Dungeon.
             The game lasted 00:04:43 (2148 turns).

Felrender the Covered (Minotaur Fighter)            Turns: 2148, Time: 00:04:43

Health: -6/41      AC:  8    Str: 25    XL:     4   Next: 94%
Magic:  3/3        EV:  8    Int: 10    God:    Wu Jian [*.....]
Gold:   146        SH: 10    Dex: 13    Spells: 3/3 levels left

rFire    . . .     SeeInvis .   a - +1 long sword
rCold    . . .     Gourm    .   c - +0 shield
rNeg     . . .     Faith    .   b - +0 scale mail
rPois    .         Spirit   .   (helmet restricted)
rElec    .         Reflect  .   (no cloak)
rCorr    .         Harm     .   m - +0 pair of gloves
MR       .....                  (no boots)
Stlth    ..........             (no amulet)
HPRegen  0.13/turn              h - +2 ring of dexterity
MPRegen  0.08/turn              p - ring of flight

@: mighty, brilliant, glowing
A: retaliatory headbutt, claws 1, horns 2, deterioration 1, subdued magic 1
a: Renounce Religion, Evoke Flight


You were on level 4 of the Dungeon.
You worshipped Wu Jian.
Wu Jian was aware of your devotion.
You were not hungry.

You visited 1 branch of the dungeon, and saw 4 of its levels.

You collected 146 gold pieces.

Inventory:

Hand Weapons
 a - a +1 long sword (weapon)
 l - a +0 spear of freezing
Armour
 b - a +0 scale mail (worn)
 c - a +0 shield (worn)
 m - a +0 pair of gloves (worn)
Jewellery
 h - a +2 ring of dexterity (left hand)
 p - a ring of flight (right hand)
Potions
 d - a potion of might
 e - a potion of curing {unknown}
 i - a potion of mutation
 k - a potion of degeneration {unknown}
 n - a potion of invisibility {unknown}
 o - a potion of haste {unknown}
Comestibles
 f - 4 rations
 g - 6 chunks of flesh


   Skills:
 + Level 4.3 Fighting
 + Level 4.1 Long Blades
 + Level 4.5 Armour
 + Level 1.2 Dodging
 + Level 4.1 Shields
 * Level 1.0 Unarmed Combat


You had 3 spell levels left.
You didn't know any spells.
Your spell library was empty.

Dungeon Overview and Level Annotations

Branches:
Dungeon (4/15)
 Temple: D:4-7

Altars:
Wu Jian


Innate Abilities, Weirdness & Mutations

You reflexively headbutt those who attack you in melee.
You have a pair of horns on your head.
You have sharp fingernails.
Your body sometimes deteriorates upon taking damage.
Your spells are a little easier to cast, but a little less powerful.


Message History

You block the gnoll's attack.
You slash the gnoll shaman!
The gnoll shaman is severely wounded.
The gnoll hits you from afar with a spear.
* * * LOW HITPOINT WARNING * * *
You block the gnoll shaman's attack.
The gnoll hits you from afar with a spear.
* * * LOW HITPOINT WARNING * * *
The gnoll shaman hits you with a whip.
* * * LOW HITPOINT WARNING * * *
It was a potion of mutation.
You feel extremely strange.
Your connection to magic feels subdued.
You feel yourself wasting away.
Your fingernails lengthen.
The gnoll hits you but does no damage. The gnoll shaman hits you with a whip.
* * * LOW HITPOINT WARNING * * *
It was a potion of brilliance.
You feel clever all of a sudden. The gnoll hits you but does no damage.
The gnoll hits you from afar with a spear!
You die...

########## .........#
..........# #########
..........# #........
..........############........
..........ggg@................
..........#####.....##........
..........# #...............
........Z.# ####............
..[.......########............
########......................
#......................
#...........###########
#.........รท)...#### .


You could see a gnoll shaman and 2 gnolls.

Vanquished Creatures
  2 gnolls (D:4)
  5 adders
  An ooze (D:2)
  2 worms (D:2)
  3 dart slugs
  3 leopard geckos
  3 orcs
  6 bats
  4 goblins
  4 hobgoblins (D:1)
  4 jackals (D:4)
  A quokka (D:3)
  4 frilled lizards
  4 kobolds
  A leopard gecko skeleton (D:4)
  A quokka skeleton (D:4)
  4 rats
52 creatures vanquished.

Notes
Turn   | Place    | Note
-------+----------+-------------------------------------------
     0 | D:1      | Felrender the Minotaur Fighter began the quest for the Orb.
     0 | D:1      | Reached XP level 1. HP: 19/19 MP: 0/0
   112 | D:1      | Reached XP level 2. HP: 25/27 MP: 1/1
   762 | D:2      | Found an ornate altar of the Wu Jian Council.
   768 | D:2      | Became a worshipper of the Wu Jian Council
   774 | D:2      | Reached XP level 3. HP: 23/33 MP: 2/2
  1079 | D:2      | Found a faded altar of an unknown god.
  1129 | D:2      | Reached skill level 1 in Dodging
  1501 | D:3      | Reached XP level 4. HP: 36/40 MP: 3/3
  1758 | D:3      | Reached * piety under Wu Jian
  2130 | D:4      | Reached skill level 1 in Unarmed Combat
  2147 | D:4      | Gained mutation: Your spells are a little easier to cast,
                  | but a little less powerful. [potion of mutation]
  2147 | D:4      | Gained mutation: Your body sometimes deteriorates upon
                  | taking damage. [potion of mutation]
  2147 | D:4      | Gained mutation: You have sharp fingernails. [potion of
                  | mutation]
  2147 | D:4      | HP: 1/41 [gnoll shaman/whip (2)]
  2148 | D:4      | Mangled by a gnoll

Vault maps used:
D:1:      saegor_arrival_simple_b, minmay_misc_feat_tiny, serial_park_tiny_2
D:2:      lemuel_doored_altar, chequers_ecumenical_altar_island
D:4:      minmay_temple_entry_hall, yredelemnul_altar_generic

Skill      XL: |  1  2  3  4 |
---------------+-------------+-----
Fighting       | 4 |  4.3
Armour         | 4 |  4.5
Long Blades    | 3 4 |  4.1
Shields        | 4 |  4.1
Dodging        | 1 |  1.2
Unarmed Combat | 1 |  1.0

Action                   |  1- 3 |  4- 6 || total
-------------------------+-------+-------++-------
Melee: Long sword        |    88 |    49 ||   137
       Headbutt          |    15 |     4 ||    19
Invok: Lunge             |     2 |     6 ||     8
       Whirlwind         |       |     1 ||     1
  Use: Scroll            |     3 |     5 ||     8
       Potion            |       |     3 ||     3
  Eat: Chunk             |     2 |     2 ||     4
Armor: Scale mail        |    31 |    18 ||    49
Dodge: Dodged            |    24 |    18 ||    42
Block: Shield            |    49 |    21 ||    70
       Rpst.: Long sword |     3 |     2 ||     5

Table legend:
 A = Non-vault XP
 B = Vault XP
 C = Vault XP percentage of total XP
 D = Non-vault monster count
 E = Vault monster count
 F = Vault count percentage of total count
                 A         B        C        D         E       F
            +---------+---------+-------+---------+---------+-------
      Total |     191 |       0 |   0.0 |      52 |       0 |   0.0
            +---------+---------+-------+---------+---------+-------
        D:1 |      32 |       0 |   0.0 |      17 |       0 |   0.0
        D:2 |      61 |       0 |   0.0 |      13 |       0 |   0.0
        D:3 |      30 |       0 |   0.0 |      11 |       0 |   0.0
        D:4 |      68 |       0 |   0.0 |      11 |       0 |   0.0
            +---------+---------+-------+---------+---------+-------
